 Dungeon Crawl Stone Soup version 0.23-b1-59-g586d0d887c (webtiles) character file.

Game seed: 18098779889249451272

42 LostNumber the Digger (level 3, -1/19 HPs)
             Began as a Gargoyle Earth Elementalist on Feb 4, 2019.
             Slain by Terence
             ... wielding a +0 morningstar
              (8 damage)
             ... on level 1 of the Dungeon.
             The game lasted 00:03:39 (1274 turns).

LostNumber the Digger (Gargoyle Earth Elementalist) Turns: 1274, Time: 00:03:40

Health: -1/19      AC:  5    Str: 11    XL:     3   Next: 56%
Magic:  6/6        EV: 12    Int: 16    God:
Gold:   32         SH:  0    Dex: 10    Spells: 3/7 levels left

rFire    . . .     SeeInvis .   d - +0 whip
rCold    . . .     Gourm    .   (no shield)
rNeg     + . .     Faith    .   c - +0 robe
rPois    ∞         Spirit   .   (no helmet)
rElec    +         Reflect  .   (no cloak)
rCorr    .         Harm     .   (no gloves)
MR       .....                  (no boots)
Stlth    ++........             (no amulet)
HPRegen  0.06/turn              (no ring)
MPRegen  0.10/turn              (no ring)

@: no status effects
A: negative energy resistance 1, electricity resistance, unbreathing,
petrification resistance, rot immunity, AC +3
a: no special abilities


You were on level 1 of the Dungeon.
You were hungry.

You visited 1 branch of the dungeon, and saw 2 of its levels.

You collected 32 gold pieces.

Inventory:

Hand Weapons
 d - a +0 whip (weapon)
   (You took it off a kobold on level 1 of the Dungeon)
Missiles
 b - 12 stones (quivered)
Armour
 c - a +0 robe (worn)
Scrolls
 h - a scroll of identify {unknown}
 i - a scroll of teleportation {unknown}
Potions
 a - 2 potions of invisibility {unknown}
 g - a potion of curing {unknown}
Comestibles
 e - 5 rations {!d}
 f - 4 chunks of flesh


   Skills:
 - Level 1.5 Dodging
 - Level 2.1 Stealth
 + Level 2.5 Spellcasting
 * Level 0.5 Conjurations
   Level 0.7 Transmutations
 * Level 4.8 Earth Magic


You had 3 spell levels left.
You knew the following spells:

 Your Spells              Type           Power        Failure   Level  Hunger
a - Sandblast             Erth           ###...       2%          1    #......
x - Stone Arrow           Conj/Erth      ##....       19%         3    ###....

Your spell library contained the following spells:

 Spells                   Type           Power        Failure   Level  Hunger
 Passwall                 Tmut/Erth      ##......     10%         2    ##.....
 Petrify                  Tmut/Erth      ##......     52%         4    #####..
 Lee's Rapid Deconstruct  Erth           ###.......   58%         5    ######.


Dungeon Overview and Level Annotations

Branches:
Dungeon (2/15)

Altars:

Annotations:
D:1 Terence


Innate Abilities, Weirdness & Mutations

You are resistant to torment.
Your stone body is resilient. (AC +3)
You are immune to poison.
You resist negative energy. (rN+)
You are resistant to electric shocks. (rElec)
You can survive without breathing.
You are immune to petrification.
You are immune to rotting.


Message History

Things that are here:
a cursed -3 dagger; a goblin skeleton
Things that are here:
a cursed -3 dagger; a goblin skeleton
There is a large open door here.
You butcher the worm corpse.
f - 7 chunks of flesh (gained 2)
There is a large open door here. x2
e - 5 rations {!d} (gained 1)
You open the door.
There is an open door here.
Terence the Incautious comes into view.
He is wielding a +0 morningstar.
Some of the chunks of flesh in your inventory have rotted away.
Found an escape hatch in the floor.
Found a stone staircase leading up.
Terence shouts!
Aim: Terence, wielding a +0 morningstar and wearing a +0 chain mail The blast of sand hits Terence but does no damage.
b - 16 stones Terence closely misses you.
Aim: Terence, wielding a +0 morningstar and wearing a +0 chain mail The blast of sand hits Terence but does no damage.
b - 15 stones
Aim: Terence, wielding a +0 morningstar and wearing a +0 chain mail You miscast Sandblast.
You are very lightly contaminated with residual magic.
Nothing appears to happen.
Terence completely misses you.
Unknown command.
Terence says, "How do you enjoy it?"
There is a stone staircase leading up here.
Terence barely misses you.
You climb upwards.
There is a stone staircase leading down here.
Terence says, "How do you enjoy it?"
Your magical contamination has completely faded away.
Some of the chunks of flesh in your inventory have rotted away.
You are feeling hungry.
Aim: Terence, wielding a +0 morningstar and wearing a +0 chain mail The blast of sand hits Terence but does no damage.
b - 14 stones Terence hits you with a +0 morningstar!
Aim: Terence, wielding a +0 morningstar and wearing a +0 chain mail The blast of sand hits Terence but does no damage.
b - 13 stones
Aim: Terence, wielding a +0 morningstar and wearing a +0 chain mail The blast of sand hits Terence but does no damage.
b - 12 stones Terence hits you with a +0 morningstar!
* * * LOW HITPOINT WARNING * * *
Terence hits you with a +0 morningstar!
You die...

##### #...#########
#.#.#.#.#.#.##
#....@@......#
#.#.#.#.#>#.##
#............######
#.#.#.#.#.#.#.....##
#.............##...##
#.#.#.#.#.#.###.#.#.##
#............#.......#
##.#)#.#.#.#.##..##.#..
#.............#..#.##..


You could see Terence.

Vanquished Creatures
  A worm (D:2)
  2 dart slugs (D:1)
  4 leopard geckos (D:1)
  A bat (D:1)
  2 giant cockroaches (D:1)
  2 hobgoblins
  A quokka (D:2)
  4 frilled lizards (D:1)
  4 goblins
  5 kobolds
  6 rats
32 creatures vanquished.

Notes
Turn   | Place    | Note
-------+----------+-------------------------------------------
     0 | D:1      | LostNumber the Gargoyle Earth Elementalist began the quest
                  | for the Orb.
     0 | D:1      | Reached XP level 1. HP: 10/10 MP: 3/3
   253 | D:1      | Reached skill level 4 in Earth Magic
   284 | D:1      | Reached XP level 2. HP: 12/15 MP: 5/5
   498 | D:1      | Reached XP level 3. HP: 12/19 MP: 1/6
   631 | D:1      | Learned a level 3 spell: Stone Arrow
  1156 | D:2      | Noticed Terence
  1274 | D:1      | Slain by Terence

Skill      XL: |  1 |
---------------+----+-----
Earth Magic    | 4 |  4.8
Dodging        | |  1.5
Stealth        | |  2.1
Spellcasting   | |  2.5
Conjurations   | |  0.5
Transmutations | |  0.7

Action                   || total
-------------------------++-------
Melee: Whip              ||    60
 Cast: Sandblast         ||    32
       Stone Arrow       ||     2
 Stab: Sleeping          ||     2
  Eat: Chunk             ||     1
Armor: Robe              ||    30
Dodge: Dodged            ||    57
